AoeStats
← Sapor123

Arabia

510067910Analyzed
1v1 RM · 4d ago on Sep 29, 2026· 54m 11s· 2 players
Game mode
Random Map
Map size
Tiny (2 player)
Population
200
Speed
Normal
Resources
Standard
Victory
Conquest
Starting age
Dark Age
Ending age
Imperial Age
RankedLock teamsTeams togetherTeam positionsShared explorationLock speedFull tech treeHidden civsTurbo modeCheats
Victory
Defeat
🇬🇧 Franks · United Kingdom
1322
+19
🇦🇷 Vietnamese · Argentina
1396
-19
Sapor123
6:50 Loom
9:12 Feudal Age
9:44 Double-Bit Axe
12:01 Double-Bit Axe
13:26 Wheelbarrow
17:50 Fletching
19:16 Padded Archer Armor
23:48 Castle Age
22:37 Scale Barding Armor
23:38 Gold Mining
25:11 Bow Saw
25:22 Husbandry
27:04 Forging
29:15 Chain Barding Armor
33:54 Iron Casting
36:41 Stone Mining
37:08 Hand Cart
38:14 Bodkin Arrow
39:15 Leather Archer Armor
42:31 Imperial Age
41:18 Light Cavalry
42:44 Ballistics
44:21 Chemistry
44:13 Plate Barding Armor
44:08 Conscription
43:18 Cranequins
44:57 Devotion
44:41 Heavy Mounted Crossbowman
45:19 Cavalier
49:41 Paladin
50:58 Chivalry
ZePP
6:25 Loom
9:18 Feudal Age
9:45 Double-Bit Axe
9:52 Man-at-Arms
13:00 Horse Collar
17:53 Wheelbarrow
17:49 Fletching
20:12 Town Watch
22:53 Castle Age
21:25 Padded Archer Armor
22:24 Bloodlines
22:57 Crossbowman
23:54 Bow Saw
23:46 Gold Mining
24:00 Bodkin Arrow
25:56 Thumb Ring
26:24 Hand Cart
30:14 Squires
30:35 Leather Archer Armor
40:01 Imperial Age
40:52 Forging
40:44 Scale Mail Armor
40:06 Elite Fire Lancer
40:24 Elite Fire Lancer
41:34 Town Patrol
42:36 Iron Casting
45:06 Arson
46:52 Chain Mail Armor
47:02 Elite Skirmisher
48:58 Ballistics
Connection lost

Rejoining the realm…

Still unreachable

The connection could not be restored.

Session expired

The server has moved on; the page needs a fresh start.